 Dungeon Crawl Stone Soup version 0.19-a0-1493-gd0fcaa6 (webtiles) character file.

4249 st0uf the Thaumaturge (level 10, -3/56 HPs)
             Began as a Gargoyle Earth Elementalist on Sept 9, 2016.
             Was a Priest of Vehumet.
             Shot with a bolt by a yaktaur captain (25 damage)
             ... on level 8 of the Dungeon.
             The game lasted 00:57:45 (8950 turns).

st0uf the Thaumaturge (Gargoyle Earth Elementalist) Turns: 8950, Time: 00:57:46

Health: -3/56      AC: 11    Str: 11    XL:     10   Next: 31%
Magic:  11/22      EV: 13    Int: 22    God:    Vehumet [***...]
Gold:   540        SH:  0    Dex: 10    Spells: 5 memorised, 10 levels left

rFire  + . .     SeeInvis +     b - 99 stones
rCold  + . .     Gourm    .     C - +0 robe {rC+ rF+}
rNeg   + . .     Faith    .     (no shield)
rPois  ∞         Spirit   .     (no helmet)
rElec  +         Dismiss  .     w - +0 cloak
rCorr  .         Reflect  .     D - +0 pair of gloves
MR     .....     Harm     .     (no boots)
Stlth  ++........               (no amulet)
                                I - ring of see invisible
                                s - +2 ring of intelligence

@: no status effects
A: negative energy resistance 1, electricity resistance, unbreathing,
petrification resistance, rot immunity, AC +7
a: Renounce Religion


You were on level 8 of the Dungeon.
You worshipped Vehumet.
Vehumet was most pleased with you.
You were not hungry.

You visited 2 branches of the dungeon, and saw 9 of its levels.
You also visited: Sewer.

You collected 612 gold pieces.
You spent 72 gold pieces at shops.

Inventory:

Hand Weapons
 i - a +0 whip
 z - a +0 whip of holy wrath
Missiles
 b - 99 stones (in hand)
Armour
 w - a +0 cloak (worn)
 C - a +0 robe of resistance (worn)
 D - a +0 pair of gloves (worn)
Jewellery
 c - a cursed -6 ring of evasion {unknown}
 s - a +2 ring of intelligence (left hand)
 I - a ring of see invisible (right hand)
 J - an uncursed ring of ice {unknown}
Wands
 p - a wand of random effects (31/48)
 r - a wand of slowing (36/48)
Scrolls
 a - 3 scrolls of blinking
 f - 4 scrolls of random uselessness {unknown}
 g - 7 scrolls of identify
 l - 6 scrolls of remove curse
 n - 4 scrolls of teleportation {unknown}
 q - 2 scrolls of enchant weapon {unknown}
 t - 2 scrolls of recharging {unknown}
 v - a scroll of fear {unknown}
 x - a scroll of noise {unknown}
 y - 3 scrolls of magic mapping {unknown}
 H - 3 scrolls of immolation {unknown}
Potions
 k - 6 potions of curing {unknown}
 o - 2 potions of lignification
 u - a potion of haste {unknown}
 A - 4 potions of brilliance {unknown}
 B - a potion of heal wounds
 E - a potion of magic {unknown}
 G - a potion of flight {unknown}
Books
 e - a book of Geomancy

   Spells                             Type                      Level
   a - Sandblast                      Earth                        1
   b - Passwall                       Transmutation/Earth          2
   c - Stone Arrow                    Conjuration/Earth            3
   d - Petrify                        Transmutation/Earth          4
   e - Lee's Rapid Deconstruction     Earth                        5
 m - a book of Clouds

   Spells                             Type                      Level
   a - Mephitic Cloud                 Conjuration/Poison/Air       3
   b - Conjure Flame                  Conjuration/Fire             3
   c - Poisonous Cloud                Conjuration/Poison/Air       6
   d - Freezing Cloud                 Conjuration/Ice/Air          6
   e - Ring of Flames                 Charms/Fire                  7
Comestibles
 d - 6 bread rations
 h - 4 beef jerkies
 j - 4 fruits
 F - a meat ration
 K - a slice of pizza
 L - 6 chunks of flesh


   Skills:
 + Level 4.0 Fighting
 + Level 3.4 Maces & Flails
 + Level 3.5 Armour
 + Level 3.3 Dodging
 - Level 2.1 Stealth
 * Level 8.3 Spellcasting
 + Level 6.6 Conjurations
   Level 0.7 Transmutations
 + Level 1.3 Fire Magic
 + Level 8.3 Earth Magic
 + Level 1.3 Poison Magic


You had 10 spell levels left.
You knew the following spells:

 Your Spells              Type           Power        Failure   Level  Hunger
a - Sandblast             Erth           #####.       1%          1    None
b - Stone Arrow           Conj/Erth      #####.       1%          3    None
c - Lee's Rapid Deconstr  Erth           #####.....   2%          5    #####..
d - Conjure Flame         Conj/Fire      ####....     1%          3    None
e - Mephitic Cloud        Conj/Pois/Air  ###.....     2%          3    None


Dungeon Overview and Level Annotations

Branches:
Dungeon (8/15)             Temple (1/1) D:4
   Lair: D:8-11

Altars:
Ashenzari
Cheibriados
Dithmenos
Elyvilon
Fedhas
Gozag
Hepliaklqana
Kikubaaqudgha
Makhleb
Okawaru
Qazlal
Ru
Trog
Uskayaw
Vehumet
Xom
Yredelemnul
Zin
The Shining One

Shops:
D:5 !

Annotations:
D:5 Rayvis's ghost, amateur DsFi


Innate Abilities, Weirdness & Mutations

You are resistant to torment.
Your stone body is resilient. (AC +7)
You are immune to poison.
You resist negative energy. (rN+)
You are resistant to electric shocks. (rElec)
You can survive without breathing.
You are immune to petrification.
You are immune to rotting.


Message History

Aim: a yaktaur captain, wielding an enchanted arbalest and wearing a ring of intelligence (severely wounded, confused)
The rocky blast hits the jelly.
You kill the jelly!
Vehumet accepts your kill.
Casting: Sandblast
Confirm with . or Enter, or press ? or * to list all spells.
Aiming: Sandblast
Press: ? - help, Shift-Dir - straight line, f/p - yaktaur captain
Aim: a yaktaur captain, wielding an enchanted arbalest and wearing a ring of intelligence (severely wounded, confused)
The rocky blast hits the yaktaur captain.
The yaktaur captain is almost dead.
Casting: Sandblast
Confirm with . or Enter, or press ? or * to list all spells.
Aiming: Sandblast
Press: ? - help, Shift-Dir - straight line, f/p - yaktaur captain
Aim: a yaktaur captain, wielding an enchanted arbalest and wearing a ring of intelligence (almost dead)
The rocky blast hits the yaktaur captain.
The yaktaur captain is almost dead.
The yaktaur captain shoots a bolt.
The bolt hits you!!
You die...

######
#.@..#
#.##c##
#.#...#
#.#...'.
#.#...#...
#.##'###'##
#)#...# .)#
#.#..)# .#
#.#...# #


You could see a yaktaur captain.

Vanquished Creatures
  A centaur warrior (D:8)
  Prince Ribbit (D:6)
  A water moccasin (D:8)
  An ice beast (D:6)
  3 orc warriors
  A black bear (D:8)
  The ghost of Shenda the Chopper, an amateur MiFi of Okawaru (D:3)
  5 ogres
  2 phantoms
  A centaur (D:7)
  A big kobold (D:6)
  4 giant frogs
  A scorpion (D:5)
  3 killer bees (D:8)
  A jelly (D:8)
  3 howler monkeys
  6 crimson imps
  3 hounds
  A wasp zombie (D:8)
  3 orc priests
  5 orc wizards
  A giant frog zombie (D:5)
  3 giant frog skeletons
  A centaur skeleton (D:4)
  3 iguanas
  Ijyb (D:2)
  A killer bee zombie (D:8)
  7 worker ants
  A worker ant zombie (D:8)
  7 gnolls
  14 adders
  An ooze (D:2)
  3 worms
  4 dart slugs
  13 giant geckos
  36 orcs
  9 bats
  10 giant cockroaches
  12 goblins
  9 hobgoblins
  10 jackals
  10 kobolds
  2 quokkas
  2 ball pythons (Sewer)
  13 giant newts
  10 rats
231 creatures vanquished.

Notes
Turn   | Place    | Note
-------+----------+-------------------------------------------
     0 | D:1      | st0uf the Gargoyle Earth Elementalist began the quest for the Orb.
     0 | D:1      | Reached XP level 1. HP: 10/10 MP: 3/3
   201 | D:1      | Reached XP level 2. HP: 13/15 MP: 0/5
   793 | D:1      | Reached XP level 3. HP: 19/19 MP: 1/7
   855 | D:1      | Learned a level 3 spell: Stone Arrow
  1267 | D:2      | Noticed Ijyb
  1275 | D:2      | Killed Ijyb
  1275 | D:2      | Reached XP level 4. HP: 21/24 MP: 1/8
  1297 | D:1      | Reached skill level 1 in Conjurations
  1963 | D:2      | Found a snail-covered altar of Cheibriados.
  2161 | D:3      | Found a faded altar of an unknown god.
  2239 | D:3      | Found a shadowy altar of Dithmenos.
  2334 | D:3      | Reached XP level 5. HP: 28/28 MP: 7/10
  2397 | D:3      | Noticed Shenda's ghost (amateur MiFi)
  2564 | D:3      | Found a glowing drain.
  2632 | Sewer    | Entered a sewer
  3081 | Sewer    | Reached skill level 5 in Earth Magic
  3081 | Sewer    | Reached XP level 6. HP: 14/32 MP: 7/12
  3866 | D:3      | Killed Shenda's ghost
  3866 | D:3      | Reached skill level 5 in Spellcasting
  3866 | D:3      | Reached XP level 7. HP: 35/36 MP: 2/14
  4036 | D:4      | Learned a level 5 spell: Lee's Rapid Deconstruction
  4200 | D:4      | Found a staircase to the Ecumenical Temple.
  4206 | Temple   | Entered the Ecumenical Temple
  4257 | Temple   | Became a worshipper of Vehumet
  4537 | D:4      | Found an opulent altar of Gozag.
  4538 | D:4      | Found a shimmering altar of Xom.
  4886 | D:4      | Reached XP level 8. HP: 41/41 MP: 13/17
  5002 | D:5      | Entered Level 5 of the Dungeon
  5046 | D:5      | Noticed Rayvis's ghost (amateur DsFi)
  5088 | D:5      | Reached * piety under Vehumet
  5088 | D:5      | Offered knowledge of Shock by Vehumet.
  5147 | D:5      | Found Misewer's Distillery.
  5151 | D:5      | Bought a potion of degeneration for 12 gold pieces
  5151 | D:5      | Bought a potion of heal wounds for 60 gold pieces
  6060 | D:6      | Reached skill level 5 in Conjurations
  6086 | D:6      | Noticed Prince Ribbit
  6090 | D:6      | Killed Prince Ribbit
  6229 | D:6      | Reached skill level 1 in Fighting
  6229 | D:6      | Reached skill level 1 in Armour
  6635 | D:6      | Reached skill level 1 in Maces & Flails
  6635 | D:6      | Reached XP level 9. HP: 47/47 MP: 13/19
  6960 | D:7      | Offered knowledge of Searing Ray by Vehumet.
  7036 | D:7      | Found an ancient bone altar of Kikubaaqudgha.
  7044 | D:7      | Reached ** piety under Vehumet
  7974 | D:8      | Learned a level 3 spell: Conjure Flame
  7978 | D:8      | Learned a level 3 spell: Mephitic Cloud
  8204 | D:8      | Offered knowledge of Static Discharge by Vehumet.
  8468 | D:8      | Reached XP level 10. HP: 56/56 MP: 7/22
  8659 | D:8      | Noticed a centaur warrior
  8668 | D:8      | Killed a centaur warrior
  8668 | D:8      | Reached skill level 1 in Fire Magic
  8668 | D:8      | Reached skill level 1 in Poison Magic
  8673 | D:8      | Noticed a yaktaur captain
  8734 | D:8      | Reached *** piety under Vehumet
  8950 | D:8      | Shot with a bolt by a yaktaur captain

Vault maps used:
D:1:      minmay_arrival_jagged
D:2:      lemuel_round_altar, first_bread, uniq_iyjb
D:3:      lemuel_coloured_pillars_altar, ecumenical_altar_2,
          portal_sewer_entry_f, guppyfry_early_orc_mine
D:4:      gammafunk_temple_overflow_statue, minmay_misc_feat_room
D:5:      serial_shops, shop, serial_co_window_serial,
          co_window_of_opportunity_a, co_window_paths_a,
          co_window_of_opportunity_a, co_window_of_opportunity_a,
          co_window_corner_a, co_window_corner_cb, co_window_broadway_c,
          co_window_broadway_c, co_window_paths_c, co_window_corner_b,
          co_window_corner_b, co_window_4corner_a, glass_columns_c,
          glass_columns_a, glass_columns_b, glass_columns_b
D:6:      uniq_prince_ribbit1
D:7:      marbit_many_paths, serial_column_ruins, column_ruins_open_tiny,
          column_ruins_open_small, column_ruins_open_small
D:8:      nrook_pool_corridor, minmay_evil_grid
Temple:   kb_temple_of_zot
Sewer:    sewer_frog_island_01

Skill      XL: |  1  2  3  4  5  6  7  8  9 10 |
---------------+-------------------------------+-----
Earth Magic    | 4 5 6 7 8 |  8.3
Spellcasting   | 3 4 5 6 7 8 |  8.3
Conjurations   | 1 2 3 4 5 6 |  6.6
Fighting       | 1 3 4 |  4.0
Armour         | 1 3 |  3.5
Maces & Flails | 1 3 |  3.4
Dodging        | 3 |  3.3
Fire Magic     | 1 |  1.3
Poison Magic   | 1 |  1.3
Stealth        | |  2.1
Transmutations | |  0.7

Action                   |  1- 3 |  4- 6 |  7- 9 | 10-12 || total
-------------------------+-------+-------+-------+-------++-------
Melee: Unarmed           |    20 |    11 |       |       ||    31
       Whip              |       |       |   101 |     9 ||   110
 Cast: Sandblast         |    64 |   173 |   149 |    27 ||   413
       Stone Arrow       |       |       |    82 |     7 ||    89
       Lee's Rapid Decon |       |       |     2 |       ||     2
       Mephitic Cloud    |       |       |       |     5 ||     5
  Use: Scroll            |       |     5 |     1 |     1 ||     7
  Eat: Chunk             |     2 |     7 |    15 |     1 ||    25
       Fruit             |       |       |     1 |       ||     1
Armor: Robe              |    22 |    36 |    67 |     2 ||   127
Dodge: Dodged            |    47 |    87 |   111 |    13 ||   258
